 Dungeon Crawl Stone Soup version 0.30-b1-2-g02819fbbbe (webtiles) character file.

Game seed: 6331060352255024897

11 Alarkh the Insei (level 2, 24/24 HPs)
             Began as a Demonspawn Chaos Knight on May 21, 2023.
             Was a Plaything of Xom.
             Got out of the dungeon alive.
             The game lasted 00:00:18 (154 turns).

Alarkh the Insei (Demonspawn Chaos Knight)           Turns: 154, Time: 00:00:19

Health: 24/24      AC:  5    Str: 12    XL:     2   Next: 13%
Magic:  2/2        EV: 11    Int: 13    God:    Xom [..*...]
Gold:   16         SH:  0    Dex: 12    Spells: 1/1 levels left

rFire   . .          .
                       - Unarmed
rCold   . . .        (no shield)
rNeg    . . .        a - +2 leather armour
rPois   .            (helmet restricted)
rElec   .            (no cloak)
rCorr   .            (no gloves)
SInv    .            (no boots)
Will    .....        (no amulet)
Stlth   +            (no ring)
HPRegen 0.24/turn    (no ring)
MPRegen 0.08/turn

%: no passive effects
@: no status effects
A: antennae 1
a: Renounce Religion


You escaped.
You worshipped Xom.
You were a toy of Xom.
You visited 1 branch of the dungeon, and saw 1 of its levels.

You collected 16 gold pieces.

Inventory:

Armour
 a - a +2 leather armour (worn)
Miscellaneous
 b - a piece from Xom's chessboard (15/15) (quivered)


   Skills:
 - Level 3.0 Fighting
 - Level 1.7 Armour
 - Level 0.8 Dodging
 + Level 3.3 Unarmed Combat


You had one spell level left.
You didn't know any spells.
Your spell library was empty.

Dungeon Overview and Level Annotations

Branches:
Dungeon (1/15)

Altars:


Innate Abilities, Weirdness & Mutations

You have a pair of small antennae on your head.


Message History

The bat hits you but does no damage.
You barely miss the jackal.
The jackal is severely wounded.
The bat hits you but does no damage.
The jackal bites you but does no damage.
The jackal barely misses you.
The jackal bites you but does no damage.
You smack the jackal!
You kill the jackal!
The bat hits you but does no damage.
The jackal bites you but does no damage. x2
You have reached level 2!
Your demonic ancestry asserts itself...
A pair of antennae grows on your head!
You hit the jackal.
The jackal is severely wounded.
The bat hits you but does no damage.
The jackal bites you but does no damage.
You barely miss the jackal.
The jackal is severely wounded.
The bat hits you but does no damage.
The jackal bites you but does no damage.
You hit the jackal.
You kill the jackal!
The bat hits you but does no damage.
You cannot move.
You barely miss the bat. The bat hits you but does no damage.
You smack the bat!
You kill the bat!
You start resting.
Your transformation is almost over.
You feel less wooden.
Your +2 leather armour unmelds from your body.
You start resting.
HP restored.
There is a fountain of clear blue water here.
There is a dry fountain here.
There is a staircase leading out of the dungeon here.
Are you sure you want to leave the Dungeon?
This will make you lose the game!
You have escaped!

...⌠.......⌠.....(#
.................##
.⌠...⌠...⌠...⌠..##
...............##
#.⌠....⌠....⌠.##
##...........##
##..⌠...⌠..##
##.......##
##..@..## ##.>.##
#####


There were no monsters in sight!

Vanquished Creatures
  An endoplasm (D:1)
  A giant cockroach (D:1)
  4 jackals (D:1)
  A ball python (D:1)
  A bat (D:1)
  2 rats (D:1)
10 creatures vanquished.

Notes
Turn   | Place    | Note
-------+----------+-------------------------------------------
     0 | D:1      | Alarkh the Demonspawn Chaos Knight began the quest for the
                  | Orb.
     0 | D:1      | Reached XP level 1. HP: 18/18 MP: 1/1
    22 | D:1      | XOM: divination: detect items
    79 | D:1      | Gained mutation: You have a pair of small antennae on your
                  | head. [demonic ancestry]
    79 | D:1      | Reached XP level 2. HP: 17/24 MP: 2/2
   154 | D:$      | Got out of the dungeon alive.

Illustrated notes

Levels and vault maps discovered:
D:1:      dpeg_arrival_lava_temple_mockup, layout_basic, serial_aquarium,
          aquarium_bridge_square [aquarium_subvault_bridge,
          aquarium_subvault_wall, aquarium_subvault_window,
          aquarium_subvault_bridge], aquarium_window_1, aquarium_window_1,
          aquarium_view_2c, aquarium_balcony_1a, aquarium_pool_S,
          chequers_ecumenical_altar_lobes, minmay_misc_feat_more_columns

Skill      XL: |  1 |
---------------+----+-----
Unarmed Combat | 3 |  3.3
Fighting       | |  3.0
Armour         | |  1.7
Dodging        | |  0.8

Action                     || total
---------------------------++-------
  Melee: Unarmed           ||    27
    Use: Potion            ||     1
 Armour: Skin              ||    35
         Leather armour    ||     7
  Dodge: Dodged            ||    13
